 Dungeon Crawl Stone Soup version 0.29.1-12-g30fa7ad0bf (webtiles) character file.

Game seed: 560106061022949903

168 Hrothgar the Stinger (level 5, 0/40 HPs)
             Began as a Hill Orc Venom Mage on Jan 12, 2023.
             Slain by a hound (5 damage)
             ... on level 4 of the Dungeon.
             The game lasted 00:10:09 (2422 turns).

Hrothgar the Stinger (Hill Orc Venom Mage)          Turns: 2422, Time: 00:10:09

Health: 0/40       AC:  2    Str:  9    XL:     5   Next: 48%
Magic:  1/8        EV: 12    Int: 17    God:
Gold:   121        SH:  0    Dex: 11    Spells: 0/8 levels left

rFire   . . .      SeeInvis .   b - +0 short sword (drain)
rCold   . . .      Faith    .   (no shield)
rNeg    . . .      Spirit   .   a - +0 robe
rPois   .          Reflect  .   (no helmet)
rElec   .          Harm     .   (no cloak)
rCorr   .          Rampage  .   (no gloves)
Will    .....                   (no boots)
Stlth   ++........              (no amulet)
HPRegen 0.13/turn               (no ring)
MPRegen 0.11/turn               (no ring)

@: lethally poisoned (0 -> -2)
A: talons 1, weak 1
a: no special abilities


You were on level 4 of the Dungeon.
You visited 1 branch of the dungeon, and saw 4 of its levels.

You collected 121 gold pieces.

Inventory:

Hand Weapons
 b - a +0 short sword of draining (weapon)
Armour
 a - a +0 robe (worn)
Magical Staves
 c - a staff of death
Wands
 g - a wand of digging (6)
Scrolls
 d - a scroll of vulnerability
 e - 2 scrolls of immolation
 f - a scroll of teleportation


   Skills:
 * Level 1.0 Fighting
 * Level 0.4 Short Blades
 * Level 1.2 Staves
 * Level 1.1 Armour
 * Level 2.0 Dodging
 * Level 2.0 Stealth
 * Level 1.0 Unarmed Combat
 * Level 2.1 Spellcasting
 * Level 1.2 Conjurations
 * Level 1.1 Necromancy
 * Level 1.0 Transmutations
 * Level 3.1 Poison Magic
 * Level 1.0 Evocations


You couldn't memorise any spells.
You knew the following spells:

 Your Spells              Type           Power      Damage    Failure   Level
a - Sting                 Tmut/Pois      32%        1d4       9%          1
b - Magic Dart            Conj           24%        1d4       12%         1
c - Searing Ray           Conj           12%        2d4       17%         2
d - Olgreb's Toxic Radia  Pois           12%        N/A       47%         4

Your spell library contained the following spells:

 Spells                   Type           Power      Damage    Failure   Level
 Poisonous Vapours        Pois/Air       14%        N/A       16%         2
 Mephitic Cloud           Conj/Pois/Air  6%         N/A       32%         3
 Fulminant Prism          Conj/Hex       1%         3d6       83%         4


Dungeon Overview and Level Annotations

Branches:
Dungeon (4/15)
 Temple: D:4-7

Altars:


Innate Abilities, Weirdness & Mutations

You have sharp toenails.
You are weak. (Str -2)


Message History

Aim: a hound (64% to hit)
The searing ray hits the hound.
The hound is moderately wounded.
The searing ray hits the adder.
The adder is heavily wounded. (Press . to maintain the ray.)
The hound bites you but does no damage.
The searing ray misses the hound.
The hound bites you. The adder bites you.
You are poisoned.
The adder poisons you! The hound closely misses you.
Without enough magic to sustain it, your searing ray dissipates.
You feel sick. The adder bites you.
You are more poisoned.
The adder poisons you! The hound barely misses you. The adder bites you.
Unknown command.
You hit the adder. You claw the adder, but do no damage.
The adder is severely wounded.
You feel very sick. The hound misses you.
The adder bites you but does no damage. The hound bites you but does no damage.
You barely miss the adder. Your kick misses the adder.
The adder is severely wounded.
You feel sick. The hound closely misses you. The adder bites you.
* * * LOW HITPOINT WARNING * * *
You barely miss the adder. You claw the adder.
You kill the adder!
You feel sick. The hound barely misses you. The hound closely misses you.
Your Dodging skill increases to level 2!
Your Stealth skill increases to level 2!
Your Transmutations skill increases to level 1!
You feel sick. The hound bites you but does no damage.
The hound barely misses you.
You see here an adder corpse.
You feel sick. The hound bites you.
* * * LOW HITPOINT WARNING * * *
You aren't carrying any potions.
You hit the hound.
The hound is moderately wounded.
You feel sick. The hound bites you.
You die...

#...[..[#
#.......#.
#)......#. #.
#. .# ######.
.#
.......#####.#
#.......<.#
#@.....#
#†h....##
##.)....#
#..###.#
##..##.#
##....#
##.>##.#
#.....#.# .#
#.###.#.# .#


You could see a hound.

Vanquished Creatures
  A scorpion (D:4)
  5 adders
  A dart slug (D:2)
  9 orcs
  2 bats
  An endoplasm (D:4)
  2 giant cockroaches (D:3)
  6 goblins
  2 hobgoblins
  4 quokkas
  9 ball pythons
  2 frilled lizards (D:1)
  5 kobolds
  2 rats
51 creatures vanquished.

Vanquished Creatures (others)
  4 plants (D:2)
4 creatures vanquished.

Grand Total: 55 creatures vanquished

Notes
Turn   | Place    | Note
-------+----------+-------------------------------------------
     0 | D:1      | Hrothgar the Hill Orc Venom Mage began the quest for the
                  | Orb.
     0 | D:1      | Reached XP level 1. HP: 14/14 MP: 3/3
   397 | D:1      | Learned a level 1 spell: Magic Dart
   408 | D:1      | Reached XP level 2. HP: 17/20 MP: 1/4
   614 | D:1      | Learned a level 2 spell: Searing Ray
   695 | D:2      | Reached skill level 3 in Poison Magic
   774 | D:2      | Reached XP level 3. HP: 26/26 MP: 0/5
  1282 | D:3      | Reached XP level 4. HP: 9/34 MP: 0/6
  1571 | D:3      | Reached skill level 1 in Conjurations
  1572 | D:3      | Reached skill level 1 in Staves
  1861 | D:4      | Noticed a scorpion
  1940 | D:4      | Gained mutation: You are weak. (Str -2) [potion of
                  | mutation]
  1940 | D:4      | Gained mutation: You have sharp toenails. [potion of
                  | mutation]
  1942 | D:4      | Killed a scorpion
  1943 | D:4      | Reached skill level 1 in Fighting
  1943 | D:4      | Reached skill level 1 in Armour
  1943 | D:4      | Reached skill level 1 in Necromancy
  1943 | D:4      | Reached skill level 1 in Evocations
  1943 | D:4      | Reached XP level 5. HP: 11/40 MP: 0/8
  2169 | D:4      | Learned a level 4 spell: Olgreb's Toxic Radiance
  2310 | D:4      | Reached skill level 1 in Unarmed Combat
  2420 | D:4      | Reached skill level 1 in Transmutations
  2422 | D:4      | Slain by a hound

Illustrated notes

Levels and vault maps discovered:
D:1:      evilmike_arrival_fibonacci_small, layout_basic, serial_shops, shop
D:2:      layout_rooms, serial_forest, infiniplex_forest_clump_small,
          infiniplex_forest_diagonal, infiniplex_forest_clump_tiny,
          infiniplex_forest_lined_room_2, infiniplex_forest_lined_corner,
          infiniplex_forest_clump_cross, infiniplex_forest_lined_room_3,
          infiniplex_forest_lined_room_2, infiniplex_forest_clump_small,
          infiniplex_forest_clump_diagonal, ebering_ecumenical_altar_mist,
          nrook_loot_triangle, kennysheep_generic_room_5
D:3:      layout_loops_ring, minmay_surrounded
D:4:      minmay_opposing_rooms, layout_basic

Skill      XL: |  1  2  3  4  5 |
---------------+----------------+-----
Poison Magic   | 3 |  3.1
Conjurations   | 1 |  1.2
Staves         | 1 |  1.2
Spellcasting   | 2 |  2.1
Fighting       | 1 |  1.0
Armour         | 1 |  1.1
Necromancy     | 1 |  1.1
Evocations     | 1 |  1.0
Unarmed Combat | 1 |  1.0
Dodging        | 2 |  2.0
Stealth        | 2 |  2.0
Transmutations | 1 |  1.0
Short Blades   | |  0.4

Action                   |  1- 3 |  4- 6 || total
-------------------------+-------+-------++-------
Melee: Staff             |    49 |     5 ||    54
       Punch             |     1 |     1 ||     2
       Short sword       |       |    37 ||    37
       Kick              |       |     4 ||     4
 Cast: Sting             |    11 |     2 ||    13
       Magic Dart        |     5 |       ||     5
       Searing Ray       |     9 |    15 ||    24
  Use: Scroll            |     1 |     3 ||     4
       Potion            |     3 |     3 ||     6
Armor: Robe              |    14 |     7 ||    21
       Skin              |     6 |    25 ||    31
Dodge: Dodged            |    59 |    38 ||    97
